 Dungeon Crawl Stone Soup version 0.19-b1-5-gdc9fa9d (webtiles) character file.

472 dohliylev the Covert (level 6, -2/42 HPs)
             Began as a Vampire Enchanter on Oct 31, 2016.
             Slain by a worker ant (4 damage)
             ... on level 5 of the Dungeon.
             The game lasted 00:21:37 (3952 turns).

dohliylev the Covert (Vampire Enchanter)            Turns: 3952, Time: 00:21:38

Health: -2/42      AC:  5    Str:  7    XL:     6   Next: 83%
Magic:  9/19       EV: 13    Int: 18    God:
Gold:   196        SH:  0    Dex: 16    Spells: 3 memorised, 5 levels left

rFire  . . .     SeeInvis +     a - +1 dagger
rCold  + . .     Gourm    .     b - +1 robe
rNeg   + + .     Faith    .     (no shield)
rPois  +         Spirit   .     (no helmet)
rElec  .         Reflect  .     t - +0 cloak
rCorr  .         Harm     .     (no gloves)
MR     .....                    q - +0 pair of boots
Stlth  +++++.....               (no amulet)
                                w - ring of wizardry
                                k - ring of magical power

@: regenerating slowly
A: fangs 3, see invisible, unbreathing
a: Bat Form


You were on level 5 of the Dungeon.
You were very thirsty.

You visited 1 branch of the dungeon, and saw 5 of its levels.

You collected 196 gold pieces.

Inventory:

Hand Weapons
 a - a +1 dagger (weapon)
 m - a +0 dagger
 s - a +0 dagger
 u - a +3 trident of piercing
Missiles
 l - 17 poisoned needles
Armour
 b - a +1 robe (worn)
 q - a +0 pair of boots (worn)
 t - a +0 cloak (worn)
 x - a +0 shield
Jewellery
 k - a ring of magical power (left hand)
 w - a ring of wizardry (right hand)
Wands
 y - a wand of iceblast (8/15)
Scrolls
 e - 8 scrolls of identify {unknown}
 f - 3 scrolls of teleportation {unknown}
 j - 4 scrolls of remove curse {unknown}
 n - 2 scrolls of random uselessness {unknown}
 o - 2 scrolls of blinking {unknown}
 p - 2 scrolls of fear {unknown}
 r - a scroll of recharging {unknown}
 A - a scroll of magic mapping {unknown}
Potions
 d - 22 potions of blood
 g - 4 potions of brilliance {unknown}
 h - 3 potions of lignification {unknown}
 i - a potion of heal wounds {unknown}
 v - a potion of agility {unknown}
 z - a potion of flight {unknown}
Books
 c - a book of Maledictions

   Spells                             Type                      Level
   a - Corona                         Hexes                        1
   b - Ensorcelled Hibernation        Hexes/Ice                    2
   c - Confuse                        Hexes                        3
   d - Tukima's Dance                 Hexes                        3
   e - Dazzling Spray                 Conjuration/Hexes            3


   Skills:
 + Level 0.5 Fighting
 + Level 2.3 Short Blades
 + Level 2.7 Dodging
 * Level 9.0 Stealth
 + Level 3.1 Spellcasting
 + Level 5.3 Hexes
 + Level 2.2 Ice Magic


You had 5 spell levels left.
You knew the following spells:

 Your Spells              Type           Power        Failure   Level  Hunger
a - Corona                Hex            ###....      1%          1    None
b - Ensorcelled Hibernat  Hex/Ice        ###...       2%          2    ##.....
c - Dazzling Spray        Conj/Hex       ##....       9%          3    ###....


Dungeon Overview and Level Annotations

Branches:
Dungeon (5/15)
 Temple: D:4-7

Altars:
Cheibriados
Elyvilon
Fedhas
Hepliaklqana
Makhleb
Xom
Yredelemnul

Annotations:
D:3 Juniper's ghost, amateur HuBe
D:5 Blork the orc


Innate Abilities, Weirdness & Mutations

You heal slowly.
You have razor-sharp teeth.
You have supernaturally acute eyesight. (SInv)
You can survive without breathing.


Message History

* * * LOW HITPOINT WARNING * * *
The worker ant misses you.
Blork the orc hits you with a short sword.
* * * LOW HITPOINT WARNING * * *
Blork the orc hits you with a short sword.
* * * LOW HITPOINT WARNING * * *
An adder comes into view.
The adder moves out of view.
Blork the orc hits you with a short sword.
* * * LOW HITPOINT WARNING * * *
Okay, then.
Casting: Ensorcelled Hibernation
Confirm with . or Enter, or press ? or * to list all spells.
Aiming: Ensorcelled Hibernation
Press: ? - help, Shift-Dir - straight line, f/p - Blork the orc
Aim: Blork the orc, wielding a short sword, wearing a robe and carrying a wand of hasting {zapped: 1} (fast, chance to defeat MR: 47%) Blork the orc looks drowsy...
The iguana hisses angrily.
The worker ant bites you.
You die...

#.# #.# #.######.#.##
#.# #.# #.##....###.#
#.# #.### #.##.###.#..#
#.####...###.##.####.#.#
#####......#.........#
#.#.#
..%..5.......######..#
#.#.#
##########..#######..#
#.#.# ##.###......#
#.#.. #.##.a@..#.# #.###
#5#5o###..S# ... #.#..#
......... ###
#.#..#.##.##.# ..#
#.##.#...al. # ..#
#.##....# ..# #...l...#
..# #........##.# ..#
#.######## .#


You could see Blork the orc (sleeping), a worker ant, an adder (wandering) and a
shadow imp.

Vanquished Creatures
  2 ogres (D:4)
  A scorpion (D:4)
  An orc wizard (D:4)
  5 adders
  10 river rats (D:5)
  An ooze (D:2)
  3 worms
  2 dart slugs (D:2)
  A leopard gecko (D:4)
  5 orcs
  6 giant cockroaches
  3 goblins
  6 hobgoblins
  4 jackals
  A quokka (D:2)
  A ball python (D:1)
  8 bats
  4 frilled lizards
  A jackal skeleton (D:4)
  7 kobolds
  18 rats
90 creatures vanquished.

Notes
Turn   | Place    | Note
-------+----------+-------------------------------------------
     0 | D:1      | dohliylev the Vampire Enchanter began the quest for the Orb.
     0 | D:1      | Reached XP level 1. HP: 13/13 MP: 3/3
   441 | D:1      | Reached XP level 2. HP: 18/19 MP: 5/5
   450 | D:1      | Reached skill level 5 in Stealth
   461 | D:1      | Learned a level 2 spell: Ensorcelled Hibernation
   842 | D:1      | Reached XP level 3. HP: 12/24 MP: 1/6
  1981 | D:2      | Reached XP level 4. HP: 30/30 MP: 2/7
  2241 | D:3      | Found a white marble altar of Elyvilon.
  2271 | D:3      | Reached skill level 6 in Stealth
  2271 | D:3      | Reached skill level 1 in Ice Magic
  2447 | D:3      | Noticed Juniper's ghost (amateur HuBe)
  2547 | D:3      | Found a blossoming altar of Fedhas.
  2547 | D:3      | Found a shimmering altar of Xom.
  2734 | D:3      | Found a basalt altar of Yredelemnul.
  2746 | D:3      | Found a hazy altar of Hepliaklqana.
  2749 | D:3      | Found a burning altar of Makhleb.
  2752 | D:3      | Found a snail-covered altar of Cheibriados.
  2951 | D:4      | Reached XP level 5. HP: 35/35 MP: 8/8
  2981 | D:4      | Noticed an ogre
  3018 | D:4      | Killed an ogre
  3018 | D:4      | Reached skill level 7 in Stealth
  3018 | D:4      | Reached skill level 5 in Hexes
  3157 | D:4      | Reached XP level 6. HP: 41/41 MP: 10/10
  3159 | D:4      | Reached skill level 8 in Stealth
  3522 | D:5      | Entered Level 5 of the Dungeon
  3766 | D:5      | Reached skill level 9 in Stealth
  3911 | D:5      | Learned a level 3 spell: Dazzling Spray
  3941 | D:5      | Noticed Blork the orc
  3950 | D:5      | HP: 2/42 [Blork the orc/short sword (5)]
  3952 | D:5      | Slain by a worker ant

Skill      XL: |  1  2  3  4  5  6 |
---------------+-------------------+-----
Stealth        | 5 6 7 9 |  9.0
Short Blades   | 2 |  2.3
Ice Magic      | 1 2 |  2.2
Hexes          | 5 |  5.3
Spellcasting   | 3 |  3.1
Fighting       | |  0.5
Dodging        | |  2.7

Action                   |  1- 3 |  4- 6 || total
-------------------------+-------+-------++-------
Melee: Dagger            |   135 |   128 ||   263
       Bite              |     9 |     8 ||    17
 Cast: Corona            |     3 |       ||     3
       Ensorcelled Hiber |    18 |    46 ||    64
 Abil: End Transformatio |     1 |     1 ||     2
       Bat Form          |     1 |     1 ||     2
  Use: Potion            |       |     2 ||     2
 Stab: Sleeping          |    18 |    31 ||    49
  Eat: Corpse            |     6 |       ||     6
Armor: Robe              |    40 |    22 ||    62
Dodge: Dodged            |    96 |    63 ||   159
